 Dungeon Crawl Stone Soup version 0.21.1-1-g345015f (webtiles) character file.

220473 lyrx the Ruinous (level 18, 0/112 HPs)
             Began as a Demonspawn Conjurer on Mar 30, 2018.
             Was a High Priest of Vehumet.
             Slain by a deep elf blademaster
             ... wielding a +1 short sword of holy wrath
              (9 damage)
             ... on level 2 of the Elven Halls on Apr 2, 2018.
             The game lasted 08:22:14 (49481 turns).

lyrx the Ruinous (Demonspawn Conjurer)             Turns: 49481, Time: 08:22:14

Health: 0/112      AC: 14    Str: 12    XL:     18   Next: 47%
Magic:  5/38       EV: 21    Int: 50    God:    Vehumet [*****.]
Gold:   705        SH:  6    Dex: 19    Spells: 4/49 levels left

rFire    + + .     SeeInvis +   N - staff of conjuration
rCold    . . .     Gourm    .   M - +0 buckler
rNeg     . . .     Faith    .   D - +4 robe of Augmentation {Str+4 Int+4 Dex+4}
rPois    .         Spirit   .   t - +0 mask of the Dragon {MR+ Slay+3 SInv}
rElec    .         Reflect  .   e - +0 cloak of Beixu {*Corrode +Fly Int+7 Dex+2}
rCorr    .         Harm     .   o - +3 pair of gauntlets of War {Slay+5}
MR       ++...                  B - +2 pair of boots
Stlth    +++.......             V - amulet of magic regeneration
HPRegen  1.28/turn              l - ring of Vasir {rF+ Int+6 Stlth+}
MPRegen  0.51/turn              a - ring of Midsummer {rF+ AC+2 Int+7}

@: corroded, very slightly contaminated
A: horns 2, rugged brown scales 2, powered by death 1, spiny 3
}: 1/15 runes: serpentine
a: Renounce Religion, Evoke Flight


You were on level 2 of the Elven Halls.
You worshipped Vehumet.
Vehumet was extremely pleased with you.
You were hungry.

You visited 8 branches of the dungeon, and saw 32 of its levels.
You also visited: Labyrinth.

You collected 2674 gold pieces.
You spent 1969 gold pieces at shops.

Inventory:

Hand Weapons
 u - the +2 glaive of Valiance {antimagic, rC+ Stlth+, unknown}
   (You found it on level 1 of the Elven Halls)

   It reduces the magical energy of the wielder, and disrupts the spells and
   magical abilities of those hit.
   Natural abilities and divine invocations are not affected.
   It protects you from cold.
   It makes you more stealthy.
Armour
 e - the +0 cloak of Beixu (worn) {*Corrode +Fly Int+7 Dex+2}
   (You bought it in a shop on level 1 of the Elven Halls)

   It affects your intelligence (+7).
   It affects your dexterity (+2).
   It lets you fly.
   It may corrode you when you take damage.
 o - the +3 pair of gauntlets of War (worn) {Slay+5}
   (You acquired it on level 1 of the Elven Halls)

   It affects your accuracy and damage with ranged weapons and melee attacks
   (+5).
 s - a +0 cloak
 t - the +0 mask of the Dragon (worn) {MR+ Slay+3 SInv}
   (You found it on level 1 of the Snake Pit)

   It affects your accuracy and damage with ranged weapons and melee attacks
   (+3).
   It affects your resistance to hostile enchantments.
   It lets you see invisible.
 y - a +2 robe of resistance
 B - a +2 pair of boots (worn)
 D - the +4 robe of Augmentation (worn) {Str+4 Int+4 Dex+4}
   (You bought it in a shop on level 7 of the Dungeon)

   It affects your strength (+4).
   It affects your intelligence (+4).
   It affects your dexterity (+4).
 M - a +0 buckler (worn)
Magical Staves
 N - an uncursed staff of conjuration (weapon)
Jewellery
 a - the ring of Midsummer (right hand) {rF+ AC+2 Int+7}
   (You bought it in a shop on level 5 of the Dungeon)

   [ring of protection]

   It affects your AC (+2).
   It affects your intelligence (+7).
   It protects you from fire.
 b - an uncursed ring of magical power
 l - the ring of Vasir (left hand) {rF+ Int+6 Stlth+}
   (You found it on level 4 of the Lair of Beasts)

   [ring of stealth]

   It affects your intelligence (+6).
   It protects you from fire.
   It makes you more stealthy.
 n - an uncursed amulet of the gourmand
 x - an uncursed ring of flight
 K - a +2 amulet of reflection
 V - an amulet of magic regeneration (around neck)
Wands
 v - a wand of scattershot (16)
 F - a wand of disintegration (7)
 H - a wand of acid (10)
 P - a wand of digging (21)
Scrolls
 h - 10 scrolls of identify
 i - 10 scrolls of teleportation
 j - 2 scrolls of blinking
 m - 2 scrolls of amnesia
 p - 3 scrolls of fear
 q - 14 scrolls of remove curse
 r - 2 scrolls of magic mapping
Potions
 d - a potion of mutation
 f - 7 potions of curing
 g - a potion of cancellation
 z - 6 potions of heal wounds
 A - 3 potions of resistance
 E - a potion of magic
 G - 4 potions of agility
 R - a potion of invisibility
 T - a potion of brilliance
 U - a potion of haste
Books
 w - the Tome of the Torrid Glacier
   (You found it on level 2 of the Elven Halls)

   Spells                             Type                      Level
   a - Inner Flame                    Hexes/Fire                   3
   b - Fireball                       Conjuration/Fire             5
   c - Freezing Cloud                 Conjuration/Ice/Air          6
   d - Ozocubu's Refrigeration        Ice                          6
Miscellaneous
 k - a sack of spiders
 Q - a phantom mirror
 W - a box of beasts
Comestibles
 c - 34 rations
 C - 2 chunks of flesh


   Skills:
 * Level 10.2 Staves
 * Level 10.2 Dodging
 - Level 1.7 Stealth
 - Level 4.0 Shields
 + Level 16.1 Spellcasting
 * Level 22.2 Conjurations
 - Level 0.2 Charms
 - Level 1.0 Necromancy
 - Level 1.0 Translocations
 - Level 0.4 Transmutations
 + Level 2.8 Earth Magic
 - Level 2.0 Poison Magic


You had 4 spell levels left.
You knew the following spells:

 Your Spells              Type           Power        Failure   Level  Hunger
a - Orb of Destruction    Conj           #########.   1%          7    None
b - Searing Ray           Conj           ######       0%          2    None
c - Iskenderun's Mystic   Conj           ########     0%          4    None
e - Irradiate             Conj/Tmut      ########..   1%          5    None
f - Venom Bolt            Conj/Pois      ########..   1%          5    None
g - Bolt of Draining      Conj/Necr      ########..   1%          5    None
i - Force Lance           Conj/Tloc      ########     1%          4    None
j - Shroud of Golubria    Chrm/Tloc      #####.....   1%          2    None
k - Bolt of Magma         Conj/Fire/Erth ########..   1%          5    None
l - Poison Arrow          Conj/Pois      ########..   1%          6    None


Dungeon Overview and Level Annotations

Branches:
Dungeon (15/15)            Temple (1/1) D:5            Lair (6/6) D:10
  Swamp (1/4) Lair:3        Snake (4/4) Lair:3        Slime (0/5) Lair:6
    Orc (2/2) D:12            Elf (2/3) Orc:2        Vaults (0/5) D:13
 Depths (1/5) D:15

Altars:
Ashenzari
Cheibriados
Dithmenos
Elyvilon
Fedhas
Gozag
Hepliaklqana
Kikubaaqudgha
Makhleb
Nemelex Xobeh
Okawaru
Qazlal
Ru
Sif Muna
Trog
Uskayaw
Vehumet
Wu Jian
Xom
Yredelemnul
Zin
The Shining One
Beogh
Jiyva

Shops:
D:5 (%:[=   D:7 [   D:10 =   D:12 !=   D:15 *   Orc:1 =!(   Orc:2 *(*(
Elf:1 *}[   Snake:1 }}=   Snake:4 [%!

Portals:
Hell: Depths:1

Annotations:
D:3 1 runed door


Innate Abilities, Weirdness & Mutations

You have a pair of horns on your head.
You are mostly covered in rugged brown scales. (AC +2, +5% HP)
You regenerate a little health from kills.
You are completely covered in sharp spines.


Message History

You erupt in a fountain of uncontrolled magic!
The deep elf blademaster is blasted with magical radiation!
The deep elf blademaster is almost dead.
The deep elf blademaster twists and deforms.
The flail of protection is blasted with magical radiation!
The flail of protection falls from the air.
Vehumet accepts your kill.
You are very lightly contaminated with residual magic.
You hear a shout!
The deep elf blademaster hits you with a short sword of holy wrath!
Your corrosive artefact corrodes you!
You convulse!
The deep elf blademaster hits you with a short sword of holy wrath!
You convulse!
* * * LOW HITPOINT WARNING * * *
The deep elf knight gestures wildly while chanting.
The deep elf knight flickers and vanishes for a moment.
The deep elf blademaster hits you with a short sword of holy wrath!
* * * LOW HITPOINT WARNING * * *
You convulse!
You die...

...## ##....
#...##)).e..
##...........
##............
#........(....
#...........#
#...(.....#
##..(e.....##
##...@.......#
#.............
##............
##...........
##...#.......
##...###......
... #...##
#..... ...# #
##...###......
)...###
##...#......
.....#.


You could see a deep elf blademaster, a deep elf knight (invisible) and 2
dancing weapons.

Vanquished Creatures
  Rupert (D:14)
  Gastronok (D:12)
  Roxanne (D:14)
  Kirke (D:15)
  9 nagarajas
  Aizul (Snake:3)
  2 deep elf sorcerers (Elf:1)
  Louise (Snake:3)
  The ghost of feelmyfire the Black Belt, a journeyman DgTm (Lair:4)
  The ghost of Serooblart the Warrior, a journeyman MiBe of Trog (D:12)
  The ghost of AdmiralAndromeda the Grappler, a journeyman TrBe of Trog (D:12)
  A deep elf annihilator (Elf:1)
  A minotaur (Lab)
  Josephine (D:14)
  A jiangshi (Depths:1)
  An ettin (Depths:1)
  5 hydras
  18 naga warriors
  19 anacondas
  Erica (D:8)
  4 centaur warriors
  18 two-headed ogres
  2 catoblepae
  13 dancing weapons
  2 ogre magi (Orc:2)
  A vampire mage (Depths:1)
  2 tengu warriors (D:15)
  A deep troll shaman (Lair:6)
  Urug (D:13)
  8 naga sharpshooters
  6 shock serpents
  8 death yaks
  15 deep elf knights
  2 salamander mystics
  2 unseen horrors
  5 skeletal warriors (D:14)
  2 deep trolls (Orc:2)
  A sea snake (Snake:2)
  10 naga ritualists
  A spark wasp zombie (D:15)
  An obsidian statue (D:14)
  A flayed ghost (D:15)
  An unseen horror (shapeshifter) (Elf:1)
  A shambling mangrove (Lair:3)
  A wizard (D:15)
  8 deep elf archers
  A necromancer (D:15)
  Pikel (D:6)
  37 deep elf magi
  3 orc sorcerers
  A fire giant zombie (D:15)
  11 mana vipers
  A wolf spider zombie (D:15)
  12 ugly things
  12 salamanders
  6 cyclopes
  5 manticores
  35 black mambas
  2 elephants (Lair:6)
  Psyche (D:7)
  4 centaur skeletons
  14 guardian serpents
  A gargoyle (D:13)
  18 naga magi
  5 spiny frogs
  A torpor snail (Lair:2)
  2 efreet
  A freezing wraith (D:15)
  2 kobold demonologists
  4 komodo dragons
  A rime drake (Lair:2)
  A tengu conjurer (D:15)
  2 guardian mummies (D:15)
  2 hornets (Swamp:1)
  Prince Ribbit (D:9)
  3 meliai (D:15)
  A polar bear (Lair:3)
  2 tyrant leeches
  12 trolls
  A minotaur skeleton (Lab)
  4 blink frogs (Lair:5)
  11 slime creatures
  2 hippogriffs
  An ice dragon zombie (D:15)
  A deep troll skeleton (D:15)
  A bog body (Swamp:1)
  4 vampires
  2 air elementals (Elf:1)
  A wyvern (D:12)
  4 water elementals
  6 wraiths
  A shadow (D:14)
  8 hogs
  4 basilisks
  22 yaks
  3 hungry ghosts
  Eustachio (D:4)
  17 humans
  Grum (D:8)
  A hog (shapeshifter) (Elf:2)
  A steam dragon (Lair:5)
  Edmund (D:5)
  54 nagas
  2 soldier ants
  2 swamp worms
  2 acid dragons
  12 water moccasins
  9 porcupines
  A hornet zombie (D:10)
  3 ice beasts
  11 orc warriors
  2 eyes of draining
  2 phantoms
  3 black bears
  4 sky beasts
  A necrophage (D:11)
  14 wolves
  26 ogres
  23 centaurs
  8 crocodiles
  17 big kobolds
  Blork the orc (D:4)
  18 bullfrogs
  2 earth elementals (Elf:1)
  4 scorpions
  A water moccasin skeleton (D:7)
  12 killer bees
  3 wights (D:6)
  4 electric eels
  A howler monkey (D:5)
  A bullfrog zombie (D:7)
  3 centaur zombies
  6 crimson imps
  6 hounds
  3 jellies
  21 orc wizards
  2 bullfrog skeletons
  13 orc priests
  2 iguanas
  4 worker ants
  2 killer bee zombies
  3 hound skeletons
  2 howler monkey zombies
  Robin (D:3)
  3 howler monkey skeletons
  4 gnolls (D:6)
  22 adders
  3 shadow imps
  An ooze (D:3)
  2 adder zombies
  2 worms (D:3)
  3 dart slugs
  5 leopard geckos
  80 orcs
  6 ball pythons
  8 giant cockroaches
  15 goblins
  10 hobgoblins
  16 jackals
  27 kobolds
  7 quokkas
  9 bats
  6 frilled lizards
  A jackal zombie (D:5)
  2 leopard gecko zombies
  A quokka skeleton (D:5)
  7 rats
  4 plants
  A withered plant (D:15)
1044 creatures vanquished.

Vanquished Creatures (others)
  A dancing weapon (Elf:1)
  A slave (D:6)
  A bullfrog (D:6)
  A jelly (D:13)
  An orc priest (D:6)
  An orc wizard (D:6)
  A worm (D:6)
  3 orcs (D:6)
  5 plants
  4 withered plants (D:15)
19 creatures vanquished.

Grand Total: 1063 creatures vanquished

Notes
Turn   | Place    | Note
-------+----------+-------------------------------------------
     0 | D:1      | lyrx the Demonspawn Conjurer began the quest for the Orb.
     0 | D:1      | Reached XP level 1. HP: 13/13 MP: 3/3
   297 | D:1      | Gained mutation: You are partially covered in sharp spines. [demonic ancestry]
   297 | D:1      | Reached XP level 2. HP: 19/19 MP: 3/5
   591 | D:1      | Learned a level 2 spell: Searing Ray
  1210 | D:2      | Found a shadowy altar of Dithmenos.
  1269 | D:2      | Gained mutation: You are partially covered in rugged brown scales. (AC +1, +3% HP) [demonic ancestry]
  1269 | D:2      | Reached XP level 3. HP: 19/24 MP: 4/6
  1271 | D:2      | Found an iron altar of Okawaru.
  1306 | D:2      | Found a hazy altar of Hepliaklqana.
  1431 | D:2      | Reached skill level 5 in Conjurations
  1742 | D:2      | Found an ancient bone altar of Kikubaaqudgha.
  2530 | D:3      | Reached XP level 4. HP: 30/30 MP: 3/7
  2549 | D:3      | Learned a level 4 spell: Iskenderun's Mystic Blast
  2702 | D:3      | Found a white marble altar of Elyvilon.
  2703 | D:3      | Found a runed door.
  2703 | D:3      | Noticed an angel
  2725 | D:3      | Noticed Robin
  3137 | D:3      | Killed Robin
  3509 | D:3      | Reached skill level 6 in Conjurations
  3509 | D:3      | Reached XP level 5. HP: 36/36 MP: 3/9
  3734 | D:4      | Learned a level 2 spell: Ensorcelled Hibernation
  4182 | D:4      | Noticed Blork the orc
  4218 | D:4      | Noticed an ogre
  4231 | D:4      | Killed an ogre
  4231 | D:4      | Gained mutation: You are mostly covered in sharp spines. [demonic ancestry]
  4231 | D:4      | Reached XP level 6. HP: 42/42 MP: 5/11
  4298 | D:4      | Killed Blork the orc
  4298 | D:4      | Reached skill level 7 in Conjurations
  4339 | D:4      | Noticed Eustachio
  4710 | D:5      | Entered Level 5 of the Dungeon
  4825 | D:5      | Found a staircase to the Ecumenical Temple.
  4834 | Temple   | Entered the Ecumenical Temple
  4864 | Temple   | Became a worshipper of Vehumet
  5326 | D:5      | Noticed Edmund
  5338 | D:5      | Killed Edmund
  5338 | D:5      | Reached XP level 7. HP: 39/47 MP: 0/13
  5593 | D:5      | Reached skill level 8 in Conjurations
  5855 | D:5      | Found Numanie's Book Shoppe.
  5859 | D:5      | Found Wodoijig's Food Shop.
  5876 | D:5      | Found Cautsug's Antique Weapon Shoppe.
  6319 | D:5      | Found Wesoy's Armour Emporium.
  6333 | D:5      | Found Haxzeq's Jewellery Shoppe.
  6725 | D:6      | Reached * piety under Vehumet
  6725 | D:6      | Offered knowledge of Shock by Vehumet.
  6725 | D:6      | Reached skill level 5 in Spellcasting
  6725 | D:6      | Gained mutation: You are mostly covered in rugged brown scales. (AC +2, +5% HP) [demonic ancestry]
  6725 | D:6      | Reached XP level 8. HP: 47/54 MP: 7/15
  6928 | D:6      | Reached skill level 9 in Conjurations
  7176 | D:6      | Noticed Pikel
  7192 | D:6      | Killed Pikel
  7192 | D:6      | Reached skill level 10 in Conjurations
  7644 | D:6      | Reached XP level 9. HP: 59/59 MP: 8/18
  8186 | D:7      | Found Ycsot's Armour Shoppe.
  8301 | D:7      | Offered knowledge of Flame Tongue by Vehumet.
  8780 | D:7      | Reached ** piety under Vehumet
  8780 | D:7      | Reached skill level 11 in Conjurations
  8795 | D:7      | Found a white marble altar of Elyvilon.
  8796 | D:7      | Found an opulent altar of Gozag.
  8796 | D:7      | Found a shattered altar of Ashenzari.
  8797 | D:7      | Found a deep blue altar of Sif Muna.
  9649 | D:8      | Noticed Psyche
  9649 | D:8      | Noticed Grum
  9655 | D:7      | Killed Psyche
  9655 | D:7      | Reached skill level 12 in Conjurations
  9776 | D:8      | Gained mutation: You are completely covered in sharp spines. [demonic ancestry]
  9776 | D:8      | Reached XP level 10. HP: 61/66 MP: 22/22
  9875 | D:8      | Killed Grum
 10106 | D:5      | Bought the ring of Midsummer {rF+ AC+2 Int+7} for 387 gold pieces
 10194 | D:4      | Killed Eustachio
 10382 | D:8      | Found a burning altar of Makhleb.
 10437 | D:8      | Offered knowledge of Mephitic Cloud by Vehumet.
 10639 | D:8      | Noticed Erica
 10648 | D:8      | Killed Erica
 10926 | D:8      | Reached *** piety under Vehumet
 10926 | D:8      | Reached skill level 13 in Conjurations
 11072 | D:8      | Offered knowledge of Olgreb's Toxic Radiance by Vehumet.
 11319 | D:9      | Noticed a two-headed ogre
 11323 | D:9      | Killed a two-headed ogre
 11416 | D:9      | Found a shimmering altar of Xom.
 11772 | D:9      | Found a blossoming altar of Fedhas.
 11793 | D:9      | Noticed Prince Ribbit
 11799 | D:9      | Killed Prince Ribbit
 11799 | D:9      | Reached XP level 11. HP: 51/71 MP: 21/24
 11917 | D:9      | Reached **** piety under Vehumet
 11917 | D:9      | Reached skill level 14 in Conjurations
 12299 | D:9      | Noticed a two-headed ogre
 12314 | D:9      | Killed a two-headed ogre
 13141 | D:10     | Entered Level 10 of the Dungeon
 13534 | D:10     | Found a staircase to the Lair.
 13540 | D:10     | Offered knowledge of Irradiate by Vehumet.
 13540 | D:10     | Reached skill level 10 in Spellcasting
 13547 | D:10     | Learned a level 5 spell: Irradiate
 13862 | D:10     | Reached skill level 1 in Shields
 14075 | D:10     | Found Elyerot's Jewellery Emporium.
 14531 | Lair:1   | Entered Level 1 of the Lair of Beasts
 14715 | Lair:1   | Reached skill level 1 in Staves
 14951 | Lair:1   | Noticed a six-headed hydra
 14954 | Lair:1   | Killed a six-headed hydra
 15492 | Lair:1   | Learned a level 5 spell: Venom Bolt
 15779 | Lair:1   | Learned a level 5 spell: Bolt of Draining
 16192 | Lair:2   | Reached ***** piety under Vehumet
 16313 | Lair:2   | Noticed a death yak
 16321 | Lair:2   | Offered knowledge of Sticky Flame by Vehumet.
 16327 | Lair:2   | Learned a level 4 spell: Sticky Flame
 16333 | Lair:2   | Noticed a death yak
 16362 | Lair:2   | Killed a death yak
 16366 | Lair:2   | Killed a death yak
 16603 | Lair:2   | Reached skill level 15 in Conjurations
 16607 | Lair:2   | Gained mutation: You have a pair of small horns on your head. [demonic ancestry]
 16607 | Lair:2   | Reached XP level 12. HP: 75/77 MP: 25/26
 16848 | Lair:2   | Reached skill level 1 in Poison Magic
 17612 | Lair:3   | Found a labyrinth entrance.
 17670 | Lab      | Entered a labyrinth
 18529 | Lab      | Noticed a minotaur
 18531 | Lab      | Killed a minotaur
 18544 | Lab      | Identified the Grimoire of Translocation
 18558 | Lab      | Identified the Volume of Self-Knowledge
 18979 | Lair:3   | Found a staircase to the Snake Pit.
 19361 | Lair:3   | Found a staircase to the Swamp.
 19923 | Lair:4   | Noticed feelmyfire's ghost (journeyman DgTm)
 19932 | Lair:4   | Killed feelmyfire's ghost
 20549 | Lair:4   | Got a brightly glowing platinum ring
 20552 | Lair:4   | Identified the ring of Vasir {rF+ Int+6 Stlth+} (You found it on level 4 of the Lair of Beasts)
 21297 | Lair:5   | Reached skill level 16 in Conjurations
 21685 | Lair:6   | Entered Level 6 of the Lair of Beasts
 21721 | Lair:6   | Found a viscous altar of Jiyva.
 21724 | Lair:6   | Found a staircase to the Slime Pits.
 22094 | Lair:6   | Reached XP level 13. HP: 82/82 MP: 28/28
 23232 | Lair:6   | Identified the Volume of the Special Wars
 23787 | Lair:1   | Learned a level 4 spell: Force Lance
 23790 | Lair:1   | Learned a level 2 spell: Shroud of Golubria
 24260 | D:11     | Reached skill level 5 in Staves
 24670 | D:11     | Reached skill level 5 in Dodging
 25570 | D:12     | Reached skill level 17 in Conjurations
 25679 | D:12     | Found Puix's Distillery.
 25693 | D:12     | Bought a potion of degeneration for 13 gold pieces
 26129 | D:12     | Found a roughly hewn altar of Beogh.
 26129 | D:12     | Found a staircase to the Orcish Mines.
 26229 | D:12     | Found Tenum's Jewellery Shoppe.
 26299 | D:12     | Noticed AdmiralAndromeda's ghost (journeyman TrBe)
 26314 | D:12     | Killed AdmiralAndromeda's ghost
 26528 | D:12     | Noticed Serooblart's ghost (journeyman MiBe)
 26546 | D:12     | Killed Serooblart's ghost
 26996 | D:12     | Noticed Gastronok
 27020 | D:12     | Killed Gastronok
 27281 | D:12     | Gained mutation: You regenerate a little health from kills. [demonic ancestry]
 27281 | D:12     | Reached XP level 14. HP: 89/89 MP: 30/30
 27379 | Orc:1    | Entered Level 1 of the Orcish Mines
 27501 | Orc:1    | Found Pemohup's Weapon Emporium.
 27611 | Orc:2    | Entered Level 2 of the Orcish Mines
 27782 | D:7      | Bought the +4 robe of Augmentation {Str+4 Int+4 Dex+4} for 634 gold pieces
 27782 | D:7      | Found the +4 robe of Augmentation {Str+4 Int+4 Dex+4}
 28090 | Orc:2    | Found a staircase to the Elven Halls.
 28185 | Orc:1    | Found Dap Coxkayt's Distillery.
 28198 | Orc:1    | Bought a potion of heal wounds for 80 gold pieces
 28308 | Orc:1    | Found Oleffoqo's Jewellery Shop.
 29224 | Orc:2    | Offered knowledge of Bolt of Magma by Vehumet.
 29258 | Orc:2    | Found Juangie's General Store.
 29258 | Orc:2    | Found Paegiuph's Assorted Antiques.
 29406 | Orc:2    | Found Eddaklig's Antique Weapon Shoppe.
 29411 | Orc:2    | Found Zuziudyd's Antique Weapon Boutique.
 29536 | Orc:2    | Reached skill level 18 in Conjurations
 29693 | Orc:2    | Bought a scroll labeled PUYRUI LOFFAIL for 38 gold pieces
 29699 | Orc:2    | Bought a scroll of identify for 24 gold pieces
 29699 | Orc:2    | Bought a scroll of identify for 24 gold pieces
 29699 | Orc:2    | Bought a scroll of remove curse for 36 gold pieces
 29951 | D:13     | Found a gate to the Vaults.
 29951 | D:13     | Noticed Urug
 30809 | D:13     | Killed Urug
 30867 | D:13     | Reached skill level 1 in Necromancy
 32448 | D:13     | Learned a level 5 spell: Bolt of Magma
 32497 | D:14     | Noticed Josephine
 32504 | D:14     | Killed Josephine
 32504 | D:14     | Reached XP level 15. HP: 85/94 MP: 17/32
 33230 | D:14     | Found a blossoming altar of Fedhas.
 33260 | D:14     | Noticed Rupert
 33274 | D:14     | Killed Rupert
 33693 | D:14     | Reached skill level 1 in Earth Magic
 34020 | D:14     | Found a white marble altar of Elyvilon.
 34112 | D:14     | Noticed Roxanne
 34223 | D:14     | Reached ****** piety under Vehumet
 34223 | D:14     | Offered knowledge of Bolt of Cold by Vehumet.
 34503 | D:14     | Killed Roxanne
 34643 | D:14     | Identified Roxanne's Papyrus of Clay (You took it off Roxanne on level 14 of the Dungeon)
 34834 | D:15     | Entered Level 15 of the Dungeon
 34949 | D:15     | Found Jiawina's Serpentskin Sales.
 35511 | D:15     | Reached skill level 19 in Conjurations
 35836 | D:15     | Found a staircase to the Depths.
 36245 | D:15     | Reached skill level 1 in Translocations
 36299 | D:15     | Noticed Kirke
 36321 | D:15     | Killed Kirke
 37315 | Depths:1 | Entered Level 1 of the Depths
 37431 | Depths:1 | Found a gateway to Hell.
 37893 | Swamp:1  | Entered Level 1 of the Swamp
 38959 | Orc:1    | Bought an uncursed ring of poison resistance for 260 gold pieces
 39162 | Snake:1  | Entered Level 1 of the Snake Pit
 39166 | Snake:1  | Offered knowledge of Iskenderun's Battlesphere by Vehumet.
 39421 | Snake:1  | Gained mutation: You have a pair of horns on your head. [demonic ancestry]
 39421 | Snake:1  | Reached XP level 16. HP: 100/100 MP: 19/34
 39931 | Snake:1  | Found the +0 mask of the Dragon {MR+ Slay+3 SInv}
 40212 | Snake:1  | Found Ujeich's Jewellery Shoppe.
 40213 | Snake:1  | Found Zaut's Gadget Boutique.
 40213 | Snake:1  | Found Satig's Gadget Boutique.
 40538 | Snake:2  | Noticed Louise
 40851 | Snake:2  | Reached skill level 20 in Conjurations
 42126 | Snake:3  | Killed Louise
 42850 | Snake:3  | Noticed Aizul
 42945 | Snake:3  | Offered knowledge of Ozocubu's Refrigeration by Vehumet.
 43090 | Snake:3  | Found a sacrificial altar of Ru.
 43203 | Snake:3  | Killed Aizul
 43447 | Snake:4  | Entered Level 4 of the Snake Pit
 43467 | Snake:4  | Found Dirup's Armour Boutique.
 43469 | Snake:4  | Found Istuupoxono's Food Shop.
 43471 | Snake:4  | Found Yconigeo's Distillery.
 43482 | Snake:4  | Bought a potion of heal wounds for 65 gold pieces
 44077 | Snake:4  | Reached XP level 17. HP: 106/106 MP: 14/35
 44166 | Snake:4  | Reached skill level 15 in Spellcasting
 45075 | Snake:4  | Reached skill level 21 in Conjurations
 45754 | Snake:4  | Offered knowledge of Poison Arrow by Vehumet.
 46501 | Snake:4  | Got a serpentine rune of Zot
 46542 | Snake:4  | Learned a level 6 spell: Poison Arrow
 46912 | Elf:1    | Entered Level 1 of the Elven Halls
 46996 | Elf:1    | Found Xothucs's Armour Shoppe.
 47008 | Elf:1    | Bought the +0 cloak of Beixu {*Corrode +Fly Int+7 Dex+2} for 376 gold pieces
 47107 | Elf:1    | Found Yshoj's Gadget Boutique.
 47444 | Elf:1    | Found Dapt's Assorted Antiques.
 47466 | Elf:1    | Reached XP level 18. HP: 112/112 MP: 21/37
 47579 | Elf:1    | Bought a scroll labeled MAEFRU XEUMAED for 32 gold pieces
 47585 | Elf:1    | Found the +3 pair of gauntlets of War {Slay+5}
 47938 | Elf:1    | Got a shimmering glaive
 47950 | Elf:1    | Reached skill level 10 in Staves
 47986 | Elf:1    | Offered knowledge of Orb of Destruction by Vehumet.
 48439 | Elf:2    | Reached skill level 10 in Dodging
 48439 | Elf:2    | Reached skill level 22 in Conjurations
 48794 | Elf:2    | Found a radiant altar of Vehumet.
 48808 | Elf:2    | Identified the Tome of the Torrid Glacier
 48821 | Elf:2    | Learned a level 7 spell: Orb of Destruction
 49026 | Elf:2    | Found a runed gate.
 49026 | Elf:2    | Found a runed gate.
 49026 | Elf:2    | Found a runed gate.
 49481 | Elf:2    | Slain by a deep elf blademaster

Skill      XL: |  1  2  3  4  5  6  7  8  9 10 11 12 13 14 15 16 17 18 |
---------------+-------------------------------------------------------+-----
Conjurations   | 5 6 7 8 10 12 13 15 16 17 18 19 20 21 22 | 22.2
Spellcasting   | 3 4 5 6 8 9 10 11 12 13 14 15 16 | 16.1
Dodging        | 2 4 5 6 8 9 10 | 10.2
Shields        | 2 4 |  4.0
Staves         | 2 4 5 6 7 9 10 | 10.2
Poison Magic   | 2 |  2.0
Necromancy     | 1 |  1.0
Earth Magic    | 2 |  2.8
Translocations | 1 |  1.0
Stealth        | |  1.7
Charms         | |  0.2
Transmutations | |  0.4

Action                   |  1- 3 |  4- 6 |  7- 9 | 10-12 | 13-15 | 16-18 || total
-------------------------+-------+-------+-------+-------+-------+-------++-------
Melee: Short sword       |    21 |    13 |       |       |       |       ||    34
       Dagger            |       |     2 |    41 |    27 |       |       ||    70
       Staff             |       |       |       |    67 |   183 |    29 ||   279
       Headbutt          |       |       |       |    13 |    40 |     6 ||    59
 Cast: Magic Dart        |    84 |    94 |   108 |    66 |   130 |       ||   482
       Searing Ray       |       |    14 |    37 |    92 |    43 |     6 ||   192
       Iskenderun's Myst |       |       |    21 |   157 |   197 |    29 ||   404
       Venom Bolt        |       |       |       |    37 |   194 |     2 ||   233
       Irradiate         |       |       |       |     6 |     8 |    12 ||    26
       Ensorcelled Hiber |       |       |       |     1 |     4 |       ||     5
       Sticky Flame      |       |       |       |     8 |    11 |     1 ||    20
       Bolt of Draining  |       |       |       |     3 |    77 |   345 ||   425
       Force Lance       |       |       |       |       |    15 |     1 ||    16
       Shroud of Golubri |       |       |       |       |     1 |     3 ||     4
       Bolt of Magma     |       |       |       |       |    63 |    18 ||    81
       Poison Arrow      |       |       |       |       |       |    90 ||    90
       Orb of Destructio |       |       |       |       |       |    10 ||    10
 Abil: Evoke Flight      |       |       |       |       |       |     4 ||     4
Evoke: Wand              |       |       |       |       |     1 |       ||     1
  Use: Scroll            |     4 |     3 |     4 |    15 |    11 |     8 ||    45
       Potion            |     1 |       |       |     1 |     2 |       ||     4
 Stab: Sleeping          |       |       |     1 |     1 |       |       ||     2
  Eat: Chunk             |     6 |    18 |    17 |    29 |    49 |    25 ||   144
       Ration            |       |       |       |     2 |     3 |     5 ||    10
Armor: Robe              |     6 |     6 |    26 |    39 |    58 |    37 ||   172
Dodge: Dodged            |     9 |    19 |    66 |   100 |   144 |    77 ||   415
Block: Buckler           |       |       |       |     5 |    78 |    23 ||   106
